 Dungeon Crawl Stone Soup version 0.16-a0-3722-g5e7e3b6 (webtiles) character file.

35 MackTheKnife the Skirmisher (level 3, 5/26 HPs)
             Began as an Octopode Wanderer on Jan 21, 2015.
             Was an Initiate of Sif Muna.
             Quit the game on level 2 of the Dungeon.
             The game lasted 00:02:47 (1493 turns).

MackTheKnife the Skirmisher (Octopode Wanderer)     Turns: 1493, Time: 00:02:47

Health: 5/26       AC:  1    Str: 14    XL:     3   Next: 35%
Magic:  5/6        EV: 11    Int: 17    God:    Sif Muna [......]
Gold:   81         SH:  0    Dex: 11    Spells: 1 memorised, 6 levels left

rFire  . . .     SeeInvis .     (no weapon)
rCold  . . .     Clarity  .     (no shield)
rNeg   . . .     SustAb   .     (helmet restricted)
rPois  .         Gourm    .     (no amulet)
rElec  .         Spirit   .     (no ring)
rCorr  .         Warding  .     (no ring)
rMut   .         Stasis   .     (no ring)
MR     .....                    (no ring)
Stlth  ++........               (no ring)
                                (no ring)
                                (no ring)
                                (no ring)

@: brilliant, quite poisoned, appendage, flying, not resistant to hostile
enchantments, unstealthy
A: almost no armour, amphibious, 8 rings, constrict 8, tentacle spike 3,
camouflage 1, gelatinous body 1
a: End Transformation, Renounce Religion


You were on level 2 of the Dungeon.
You worshipped Sif Muna.
Sif Muna was noncommittal.
You were not hungry.
One of your tentacles had a temporary spike.
You visited 1 branch of the dungeon, and saw 2 of its levels.

You collected 81 gold pieces.


Innate Abilities, Weirdness & Mutations

You cannot wear most types of armour.
You are amphibious.
You can wear up to eight rings at the same time.
You can use your tentacles to constrict many enemies at once.
Your skin changes colour to match your surroundings (Stealth).
Your rubbery body absorbs attacks (AC +1).
One of your tentacles bears a large vicious spike.


   Skills:
 - Level 3.0 Fighting
 - Level 2.0 Crossbows
 + Level 0.6 Unarmed Combat
 - Level 2.9 Spellcasting
 - Level 1.8 Transmutations
   Level 2.1 Evocations


You had 6 spell levels left.
You knew the following spells:

 Your Spells              Type           Power        Failure   Level  Hunger
z - Beastly Appendage     Trmt           ###...       1%          1    None

Inventory:

Hand weapons
 b - a +0 hand crossbow
Missiles
 e - 37 bolts
Scrolls
 g - 3 scrolls of remove curse {unknown}
 i - a scroll of enchant weapon {unknown}
 j - 2 scrolls of teleportation {unknown}
 k - a scroll of immolation {unknown}
Potions
 h - a potion of flight
Books
 a - a book of Changes

   Spells                             Type                      Level
   a - Beastly Appendage              Transmutation                1
   b - Sticks to Snakes               Transmutation                2
   c - Spider Form                    Transmutation/Poison         3
   d - Ice Form                       Ice/Transmutation            4
   e - Blade Hands                    Transmutation                5
 c - Tushiteh's Grimoire of the Mountains

   Spells                             Type                      Level
   a - Sandblast                      Earth                        1
   b - Passwall                       Transmutation/Earth          3
Comestibles
 d - 2 beef jerkies
 f - a bread ration
 m - 3 chunks of flesh

{@*1} #. #....#.#.##.# .#.
. #..##...#....#.. #.#. .
#..##...##..##.#
wS.#.##..##....((((... ..
..<. ....#.......##.#
....##..###...#..####.####
....'.........#...........
....##.w##..(.#.†####.####
#....'..SSx...(#..# #.#
....#...##......##########
#..........................
#.............#.#...#...#.
....................(....†
#####.S######+#.#...#...#.
#.£ #.............. #..
#....########## #..
#.)......+


You could see a worm and 2 adders.


Message History

You closely miss the giant newt.
The giant newt bites you but does no damage.
You tentacle-slap the giant newt.
The giant newt is heavily wounded.
The giant newt bites you.
You closely miss the giant newt.
The giant newt is heavily wounded.
The giant newt bites you.
* * * LOW HITPOINT WARNING * * *
You tentacle-slap the giant newt.
You kill the giant newt!
You tentacle-slap the adder.
The adder is moderately wounded.
The adder bites you.
* * * LOW HITPOINT WARNING * * *
You are poisoned.
The adder poisons you! The adder bites you.
* * * LOW HITPOINT WARNING * * *
Drink which item? (? for menu, Esc to quit)
It was a potion of flight.
You feel very buoyant.
You fly up into the air.
You feel sick. The adder barely misses you.
Drink which item? (? for menu, Esc to quit)
It was a potion of brilliance.
You feel clever all of a sudden. The adder misses you.
Unknown command.
Quiver which item? (- for none, * to show all) (? for menu, Esc to quit)
Okay, then.
Are you sure you want to abandon this character and quit the game? (Confirm with "yes".)

Action                   || total
-------------------------++-------
Melee: Unarmed           ||    70
 Fire: Hand crossbow     ||     2
 Cast: Beastly Appendage ||     1
  Use: Potion            ||     2
 Stab: Sleeping          ||     2
  Eat: Chunk             ||     2

Vault maps used:
D:1:      lightli_arrival_statue_moat
D:2:      lemuel_coloured_pillars_altar, serial_bayou_pond_c,
          grunt_ministairs_10

Notes
Turn   | Place    | Note
--------------------------------------------------------------
     0 | D:1      | MackTheKnife, the Octopode Wanderer, began the quest for the Orb.
     0 | D:1      | MackTheKnife set off with: a book of Changes, a +0 hand crossbow, Tushiteh's Grimoire of the Mountains, 24 bolts, a bread ration
     0 | D:1      | Reached XP level 1. HP: 16/16 MP: 3/3
     0 | D:1      | Identified Tushiteh's Grimoire of the Mountains
     5 | D:1      | Learned a level 1 spell: Beastly Appendage
   317 | D:1      | Reached XP level 2. HP: 18/21 MP: 4/4
  1219 | D:2      | Reached XP level 3. HP: 23/26 MP: 6/6
  1359 | D:2      | Found a deep blue altar of Sif Muna.
  1444 | D:2      | Became a worshipper of Sif Muna the Loreminder
  1493 | D:2      | Quit the game

Vanquished Creatures
  5 bats
  5 hobgoblins
  7 kobolds
  3 giant newts
  5 goblins
  4 jackals (D:2)
  2 rats (D:1)
31 creatures vanquished.
